 Dungeon Crawl Stone Soup version 0.32-a0-685-g93135e86f0 (webtiles) character file.

Game seed: 1686384690527109776

133 ytrimaz the Chopper (level 5, -2/38 HPs)
             Began as a Coglin Gladiator on Mar 12, 2024.
             Slain by an orc priest
             ... wielding a +0 hand axe
              (6 damage)
             ... on level 3 of the Dungeon.
             The game lasted 00:01:39 (1763 turns).

ytrimaz the Chopper (Coglin Gladiator)              Turns: 1763, Time: 00:01:39

Health: -2/38      AC:  4    Str: 17    XL:     5   Next: 16%
Magic:  5/5        EV: 12    Int:  7    God:
Gold:   97         SH:  0    Dex: 15    Spells: 4/4 levels left

rFire   . . .        a - +0 war axe {Hilda}
rCold   . . .        l - +0 war axe {Yuxuan}
rNeg    . . .        b - +0 leather armour
rPois   .            c - +0 helmet
rElec   .            (no cloak)
rCorr   .            (no gloves)
SInv    .            (no boots)
Will    .....        (amulet unavailable)
Stlth   +            (ring unavailable)
HPRegen 0.26/turn    (ring unavailable)
MPRegen 0.09/turn    (no gizmo)

%: no passive effects
@: revving
A: off-hand wielding, slow wielding, warmup strikes, no jewellery
a: Invent Gizmo, Convert to Beogh


You were on level 3 of the Dungeon.
You visited 1 branch of the dungeon, and saw 3 of its levels.

You collected 97 gold pieces.


Innate Abilities, Weirdness & Mutations

You can wield a second weapon in your off-hand.
It takes a long time for you to wield or remove held weapons.
Your first few attacks do less damage.
You cannot equip rings or amulets.


   Skills:
 - Level 2.0 Fighting
 + Level 4.4 Axes
 - Level 1.7 Throwing
 + Level 2.7 Armour
 - Level 2.6 Dodging
 * Level 1.3 Evocations


You had 4 spell levels left.
You didn't know any spells.
Your spell library contained the following spells:

 Spells                   Type           Power      Damage    Failure   Level
 Blink                    Tloc           0%         N/A       63%         2
 Lesser Beckoning         Tloc           0%         N/A       63%         2
 Momentum Strike          Conj/Tloc      0%         3d8       63%         2

Inventory:

Hand Weapons
 a - a +0 war axe (weapon) {Hilda}
 l - a +0 war axe (offhand) {Yuxuan}
   (You found it on level 2 of the Dungeon)
Missiles
 d - 3 throwing nets
 e - a javelin
Armour
 b - a +0 leather armour (worn)
 c - a +0 helmet (worn)
Wands
 j - a wand of quicksilver (12) (quivered)
   (You found it on level 2 of the Dungeon)
Scrolls
 h - a scroll of teleportation
 k - 2 scrolls of identify
Potions
 f - a potion of berserk rage {unknown}
 g - a potion of lignification {unknown}
 i - a potion of curing
 m - a potion of haste {unknown}

Dungeon Overview and Level Annotations

Branches:
Dungeon (3/15) Zot: 16217

Altars:

#.###........#
#.##o.b......###
###.#o...........# .#
#...#oo........#.#
...##.#.#$...........##
......#.##............
........###...o.....##
......#..#########...#
#..#####........@o.#...#
... ############# #.# ..
.


You could see an orc priest.


Message History

You now have 65 gold pieces (gained 6).
Things that are here:
a +0 flail; a +0 leather armour 😮 HP[+1]
Things that are here:
a +0 hand axe; an orc corpse 😮 HP[+1]
j - a wand of quicksilver (16) (gained 12 charges) 😮 HP[+1] Unknown command.
Key pressed, stopping explore.
A kobold comes into view. It is wielding a +0 whip.
The kobold shouts! 😎 HP[+13]
Your hp is fully restored (33).
A kobold is nearby!
A kobold is nearby!
Unknown command.
The kobold hits you with a +0 whip. 😕 HP[-2]
You take 2 damage, and now have 31/33 hp.
You closely miss the kobold with your +0 war axe.
You slash the kobold with your +0 war axe!
You kill the kobold! 😕 HP[+1]
Things that are here:
a +0 whip; a kobold corpse No target in view!
Unknown command.
You now have 78 gold pieces (gained 13).
You now have 90 gold pieces (gained 12).
You now have 97 gold pieces (gained 7). 2 orc priests and an orc come into view.
An orc priest is wielding a +1 heavy hand axe.
The orc shouts!
You hear a shout!
The orc priest moves out of view.
You hear a shout!
The orc priest shouts! 😎 HP[+1]
Your hp is fully restored (33).
There are monsters nearby!
No reachable target in view!
There are monsters nearby!
No reachable target in view!
No reachable target in view!
Unknown command.
An orc, 2 orc priests and an orc wizard come into view.
The orc is wielding a +1 antimagic war axe.
The orc shouts!
The orc priest shouts!
The orc wizard shouts!
No target in view!
You hit the orc priest but do no damage. x2
The orc priest hits you with a +1 heavy hand axe! 😕 HP[-7]
You take 7 damage, and now have 26/33 hp.
MASSIVE DAMAGE!! (PAUSE)
You closely miss the orc priest with your +0 war axe.
You hit the orc priest but do no damage.
The orc priest hits you with a +1 heavy hand axe!
* * * LOW HITPOINT WARNING * * *
The orc priest threatens, "Beogh's wrath is as vast as their mercy.
Make your choice!" (press Y on the ability menu to convert to Beogh) 😨 HP[-11]
You take 11 damage, and now have 15/33 hp.
MASSIVE DAMAGE!! (PAUSE)
Aiming: Quicksilver Bolt
Press: ? - help, Q - select action, (/) - cycle Shift-Dir - straight line, f - orc priest
Aim: an orc priest, wielding a +1 heavy hand axe and wearing a +3 leather armour (71% to hit)
The bolt of dispelling energy hits the orc priest!
The orc priest closely misses you. 😨 HP[+1] Unknown command.
Aiming: Quicksilver Bolt
Press: ? - help, Q - select action, (/) - cycle Shift-Dir - straight line, f/p - orc priest
Aim: an orc priest, wielding a +1 heavy hand axe and wearing a +3 leather armour (severely wounded, 71% to hit)
The bolt of dispelling energy misses the orc priest.
Unknown command.
You hit the orc priest with your +0 war axe.
You closely miss the orc priest with your +0 war axe.
The orc priest hits you with a +1 heavy hand axe!
* * * LOW HITPOINT WARNING * * *
The orc priest threatens, "Beogh's wrath is as vast as their mercy.
Make your choice!" 😱 HP[-13]
You take 13 damage, and now have 3/33 hp.
MASSIVE DAMAGE!! (PAUSE)
Okay, then.
Aiming: Quicksilver Bolt
Press: ? - help, Q - select action, (/) - cycle Shift-Dir - straight line, f/p - orc priest
Aim: an orc priest, wielding a +1 heavy hand axe and wearing a +3 leather armour (severely wounded, 71% to hit)
The bolt of dispelling energy hits the orc priest!
You kill the orc priest!
The bolt of dispelling energy hits the orc priest!
Your Evocations skill increases to level 1!
You have reached level 5! 😱 HP[+1] MP[+1]
You now have 38 max hp (+5).
Your mp is fully restored (5).
Aiming: Quicksilver Bolt
Press: ? - help, Q - select action, (/) - cycle Shift-Dir - straight line, f - orc priest
Aim: an orc priest, wielding a +0 hand axe and wearing a +0 leather armour (almost dead, 71% to hit)
The bolt of dispelling energy misses the orc priest.
The orc priest hits you with a +0 hand axe.
You die...

Skill      XL: |  1  2  3  4 |
---------------+-------------+-----
Armour         | 1 2 |  2.7
Axes           | 4 |  4.4
Evocations     | 1 |  1.3
Fighting       | |  2.0
Throwing       | |  1.7
Dodging        | |  2.6

Action                     |  1- 3 |  4- 6 || total
---------------------------+-------+-------++-------
  Melee: War axe           |    74 |    28 ||   102
         Dagger            |    47 |       ||    47
  Evoke: Wand              |       |     4 ||     4
    Use: Scroll            |     3 |       ||     3
   Stab: Sleeping          |     2 |       ||     2
 Armour: Leather armour    |    49 |    16 ||    65
  Dodge: Dodged            |    54 |     8 ||    62

Levels and vault maps discovered:
D:1:      grunt_arrival_crossed_arrows, layout_loops_corners, minivault_4
D:2:      kennysheep_big_flooded_room, layout_loops_ring
D:3:      cheibrodos_pilgrimage, layout_rooms,
          hellmonk_ecumenical_altar_inner_sanctum

Notes
Turn   | Place    | Note
-------+----------+-------------------------------------------
     0 | D:1      | ytrimaz the Coglin Gladiator began the quest for the Orb.
     0 | D:1      | Reached XP level 1. HP: 16/16 MP: 1/1
     0 | D:1      | magus.rc [v1.9.6]
   285 | D:1      | Reached XP level 2. HP: 22/22 MP: 2/2
   346 | D:1      | You pick up a book of Spatial Translocations and begin
                  | reading...
   346 | D:1      | You add the spells Blink, Momentum Strike and Lesser
                  | Beckoning to your library.
   405 | D:1      | Reached skill level 1 in Armour
   862 | D:2      | Reached XP level 3. HP: 10/27 MP: 3/3
  1239 | D:2      | Reached skill level 2 in Armour
  1576 | D:3      | Reached XP level 4. HP: 28/33 MP: 4/4
  1577 | D:3      | Reached skill level 4 in Axes
  1761 | D:3      | HP: 3/33 [orc priest/+1 heavy hand axe (13)]
  1763 | D:3      | Reached skill level 1 in Evocations
  1763 | D:3      | Reached XP level 5. HP: 4/38 MP: 5/5
  1763 | D:3      | Slain by an orc priest

Vanquished Creatures
  An orc priest (D:3)
  An orc wizard (D:3)
  3 adders
  2 dart slugs
  A ribbon worm (D:2)
  5 orcs (D:3)
  6 bats
  4 endoplasms
  3 goblins
  3 hobgoblins
  2 jackals (D:1)
  2 quokkas
  4 ball pythons
  A frilled lizard (D:1)
  2 kobolds
  3 rats
43 creatures vanquished.

Table legend:
 A = Non-vault XP
 B = Vault XP
 C = Vault XP percentage of total XP
 D = Non-vault monster count
 E = Vault monster count
 F = Vault count percentage of total count
                 A         B        C        D         E       F
            +---------+---------+-------+---------+---------+-------
      Total |     145 |      45 |  23.7 |      40 |       3 |   7.0
            +---------+---------+-------+---------+---------+-------
        D:1 |      22 |       0 |   0.0 |      14 |       0 |   0.0
        D:2 |      49 |       4 |   7.5 |      14 |       2 |  12.5
        D:3 |      74 |      41 |  35.7 |      12 |       1 |   7.7
            +---------+---------+-------+---------+---------+-------

Skill      XL: |  1  2  3  4 |
---------------+-------------+-----
Armour         | 1 2 |  2.7
Axes           | 4 |  4.4
Evocations     | 1 |  1.3
Fighting       | |  2.0
Throwing       | |  1.7
Dodging        | |  2.6

Action                     |  1- 3 |  4- 6 || total
---------------------------+-------+-------++-------
  Melee: War axe           |    74 |    28 ||   102
         Dagger            |    47 |       ||    47
  Evoke: Wand              |       |     4 ||     4
    Use: Scroll            |     3 |       ||     3
   Stab: Sleeping          |     2 |       ||     2
 Armour: Leather armour    |    49 |    16 ||    65
  Dodge: Dodged            |    54 |     8 ||    62

Illustrated notes

Table legend:
 A = Kills in this place as a percentage of kills in the entire game.
 B = Kills by you in this place as a percentage of kills by you in the entire game.
 C = Kills by friends in this place as a percentage of kills by friends in the entire game.
 D = Other kills in this place as a percentage of other kills in the entire game.
 E = Experience gained in this place as a percentage of experience gained in the entire game.
 F = Experience gained in this place divided by the number of levels of this place that you have seen.
                   A       B       C       D       E      F
               +-------+-------+-------+-------+-------+----------------------
         Total | 100.0 | 100.0 |   N/A |   N/A | 100.0 |  63.3
       Dungeon | 100.0 | 100.0 |   N/A |   N/A | 100.0 |  63.3
               +-------+-------+-------+-------+-------+----------------------

Table legend: (Time is in decaauts)
 A = Elapsed time spent in this place.
 B = Non-inter-level travel time spent in this place.
 C = Inter-level travel time spent in this place.
 D = Time resting spent in this place.
 E = Time spent auto-exploring this place.
 F = Levels seen in this place.
 G = Mean time per level.
                   A        B        C        D        E       F      G
               +--------+--------+--------+--------+--------+-----+--------+
         Total |   1781 |   1727 |     54 |      0 |   1384 |   3 |  593.7 |
       Dungeon |   1781 |   1727 |     54 |      0 |   1384 |   3 |  593.7 |
               +--------+--------+--------+--------+--------+-----+--------+

Top non-repeatable levels by time:
     D:1: 855 daAuts
     D:2: 728 daAuts
     D:3: 197 daAuts
